 Dungeon Crawl Stone Soup version 0.22.1-1-ga44c0e56f4 (webtiles) character file.

58567 Morbidden the Warrior (level 14, -4/204 HPs)
             Began as a Centaur Hunter on Oct 13, 2018.
             Was a High Priest of Okawaru.
             Slain by a meliai
             ... wielding a +0 war axe
              (8 damage)
             ... on level 4 of the Lair of Beasts on Oct 14, 2018.
             The game lasted 01:24:04 (22461 turns).

Morbidden the Warrior (Centaur Hunter)             Turns: 22461, Time: 01:24:05

Health: -4/204     AC: 27    Str: 20    XL:     14   Next: 49%
Magic:  20/20      EV:  1    Int: 10    God:    Okawaru [*****.]
Gold:   1252       SH:  0    Dex: 14    Spells: 13/13 levels left

rFire    . . .     SeeInvis .   a - +3 shortbow (velocity)
rCold    + . .     Gourm    .   (shield currently unavailable)
rNeg     + + +     Faith    .   (armour currently unavailable)
rPois    +         Spirit   .   (helmet currently unavailable)
rElec    .         Reflect  .   (cloak currently unavailable)
rCorr    .         Harm     .   (gloves currently unavailable)
MR       ++...     NoTele   +   (no barding)
Stlth    +.........             (no amulet)
HPRegen  0.44/turn              i - ring of protection from magic
MPRegen  0.17/turn              y - ring of Trog's Esteem {+Blink rPois rC+ rN+ Dex+4}

@: tree-form
A: large
a: Heroism, Finesse, Renounce Religion, Evoke Blink


You were on level 4 of the Lair of Beasts.
You worshipped Okawaru.
Okawaru was extremely pleased with you.
You were hungry.
You were a tree.
You visited 3 branches of the dungeon, and saw 18 of its levels.
You also visited: Ice Cave.

You collected 1252 gold pieces.

Inventory:

Hand Weapons
 a - a +3 shortbow of velocity (weapon)
 b - the +1 great mace "Qaabb" {crush, Str+8 Dex+5}
   (Okawaru gifted it to you in an ice cave)

   It inflicts extra damage upon your enemies.
   It affects your strength (+8).
   It affects your dexterity (+5).
 R - a +0 longbow
Missiles
 s - 149 arrows (quivered)
Armour
 C - a +0 plate armour (melded)
 K - a +0 cloak of poison resistance (melded)
 Q - the +0 centaur barding "Itsig" (melded) {rPois rC+ Str+5 Dex-4}
   (You acquired it on level 13 of the Dungeon)

   It affects your strength (+5).
   It affects your dexterity (-4).
   It protects you from cold.
   It protects you from poison.
Jewellery
 c - an uncursed ring of fire
 i - a ring of protection from magic (left branch)
 v - an uncursed ring of flight
 y - the ring of Trog's Esteem (right branch) {+Blink rPois rC+ rN+ Dex+4}
   (You found it on level 7 of the Dungeon)

   [ring of positive energy]

   It affects your dexterity (+4).
   It protects you from cold.
   It protects you from poison.
   It protects you from negative energy.
   It lets you blink.
Wands
 k - a wand of acid (18)
 o - a wand of flame (90)
 q - a wand of random effects (52)
 w - a wand of polymorph (10)
 N - a wand of disintegration (41)
Scrolls
 j - 11 scrolls of remove curse
 m - 4 scrolls of magic mapping
 n - a scroll of immolation
 u - 2 scrolls of enchant armour
 x - 3 scrolls of enchant weapon
 z - 6 scrolls of identify
 A - 2 scrolls of amnesia
 H - a scroll of vulnerability {unknown}
 I - 3 scrolls of teleportation
 J - 2 scrolls of fear {unknown}
 M - a scroll of fog
 S - a scroll of brand weapon {unknown}
Potions
 d - 2 potions of brilliance {unknown}
 h - a potion of mutation
 l - a potion of resistance {unknown}
 p - 2 potions of flight
 r - a potion of agility
 t - a potion of invisibility
 D - 5 potions of haste
 E - a potion of ambrosia {unknown}
 F - 2 potions of cancellation
 G - a potion of degeneration {unknown}
 L - 2 potions of might {unknown}
 O - 3 potions of berserk rage
 P - a potion of magic {unknown}
Comestibles
 f - 29 rations


   Skills:
 + Level 15.9 Fighting
 - Level 14.0 Bows
 + Level 9.3 Armour
 * Level 7.5 Dodging
 - Level 0.4 Stealth
 + Level 8.5 Invocations


You had 13 spell levels left.
You didn't know any spells.
Your spell library contained the following spells:

 Spells                   Type           Power        Failure   Level  Hunger
 Beastly Appendage        Tmut           #.....       36%         1    ##.....
 Magic Dart               Conj           #...         36%         1    ##.....
 Sting                    Conj/Pois      #...         36%         1    ##.....
 Blink                    Tloc           N/A          50%         2    ###....
 Call Imp                 Summ           #.......     50%         2    ###....
 Poisonous Vapours        Pois/Air       #.....       50%         2    ###....
 Slow                     Hex            #.......     50%         2    ###....
 Sticks to Snakes         Tmut           #.......     50%         2    ###....
 Sublimation of Blood     Necr           #.........   50%         2    ###....
 Conjure Flame            Conj/Fire      #.......     75%         3    ####...
 Ignite Poison            Fire/Tmut/Pois #.......     75%         3    ####...
 Mephitic Cloud           Conj/Pois/Air  #.......     75%         3    ####...
 Spider Form              Tmut/Pois      #.........   75%         3    ####...
 Ice Form                 Ice/Tmut       #.......     98%         4    #####..
 Olgreb's Toxic Radiance  Pois           #.......     98%         4    #####..
 Petrify                  Tmut/Erth      #.......     98%         4    #####..
 Alistair's Intoxication  Tmut/Pois      #.......     100%        5    ######.
 Blade Hands              Tmut           #.........   100%        5    ######.
 Irradiate                Conj/Tmut      #.........   100%        5    ######.
 Venom Bolt               Conj/Pois      #.........   100%        5    ######.


Dungeon Overview and Level Annotations

Branches:
Dungeon (13/15)            Temple (1/1) D:4            Lair (4/6) D:9
  Swamp (0/4) Lair:4       Spider (0/4) Lair:3          Orc (0/2) D:11
 Vaults: D:13-14

Altars:
Ashenzari
Cheibriados
Dithmenos
Elyvilon
Fedhas
Gozag
Hepliaklqana
Kikubaaqudgha
Makhleb
Nemelex Xobeh
Okawaru
Qazlal
Ru
Sif Muna
Trog
Uskayaw
Vehumet
Wu Jian
Xom
Yredelemnul
Zin
The Shining One

Shops:
D:4 (   D:9 !

Annotations:
D:6 exclusion: oklob plant
D:12 3 runed doors, exclusion: obsidian statue, Divine's ghost, journeyman FoCK


Innate Abilities, Weirdness & Mutations

((You have hooves in place of feet.))
((Armour fits poorly on your strangely shaped body.))
((You cover ground very quickly.))
((You have extremely tough skin. (AC +3)))


Message History

Aim: a meliai, wielding a war axe, wearing a robe and wearing a diamond ring You shoot an arrow.
The arrow hits the meliai!
The meliai is heavily wounded.
You feel sick. The meliai hits you but does no damage.
The meliai stings you but does no damage.
Unknown command.
Unknown command.
Unknown command.
You feel better. The meliai hits you with a war axe.
* * * LOW HITPOINT WARNING * * *
The meliai stings you but does no damage.
The meliai barely misses you. The meliai stings you!
* * * LOW HITPOINT WARNING * * *
Unknown command.
You turn into a tree.
Your +0 cloak of poison resistance melds into your body.
The +0 centaur barding "Itsig" {rPois rC+ Str+5 Dex-4} melds into your body.
Your +0 plate armour melds into your body.
Your roots penetrate the ground.
The meliai hits you with a war axe!
You die...

..#...#....##
##...#.........#
##)....#####
#####.....#### #
#...#...#
#.......# ##
##.....#####
#####.....## ##.
##........##
...(#....## ...
#####.....##
.....##### ....
#...#...# ..#..(#
....
##.....#####y....#
....
##.....#.#♣#...#
... #####.....##
... #.......# ...
##.....## #.#
##...## ### #####


You could see a meliai.

Vanquished Creatures
  A sphinx (D:13)
  2 frost giants
  An ettin (D:13)
  2 catoblepae
  5 hydras
  4 death yaks
  3 two-headed ogres
  Urug (D:12)
  Sonja (D:11)
  Nergalle (Lair:2)
  An unseen horror (D:11)
  A deep elf archer (D:13)
  A cyclops (D:13)
  4 ugly things
  A manticore (Lair:4)
  5 elephants
  A centaur zombie (D:10)
  Joseph (D:7)
  An ice statue (IceCv)
  3 black mambas
  3 spiny frogs (Lair:3)
  A torpor snail (Lair:2)
  5 rime drakes
  2 komodo dragons (Lair:4)
  A queen bee (Lair:4)
  A troll (D:9)
  2 meliai (Lair:4)
  17 polar bears
  Grinder (D:3)
  6 tyrant leeches (Lair:2)
  3 hornets
  Prince Ribbit (D:8)
  9 slime creatures (D:12)
  A dream sheep (D:10)
  A bog body (Lair:4)
  3 blink frogs (Lair:3)
  A meliai zombie (D:13)
  9 hippogriffs
  A shadow (D:11)
  52 yaks
  Eustachio (D:6)
  2 wyverns
  2 basilisks (Lair:4)
  2 steam dragons
  A hungry ghost (D:8)
  9 swamp worms
  7 water moccasins
  Duvessa (D:6)
  9 porcupines
  4 orc warriors
  3 ice beasts
  A sky beast (D:7)
  An eye of draining (D:13)
  2 necrophages
  2 phantoms
  6 black bears (D:10)
  6 ogres
  13 wolves
  13 centaurs
  11 crocodiles
  2 big kobolds
  11 bullfrogs
  Blork the orc (D:4)
  A wyvern zombie (D:10)
  Dowan (D:6)
  A water moccasin zombie (D:8)
  6 scorpions
  38 killer bees
  17 wights
  A howler monkey (D:9)
  6 electric eels
  3 bullfrog zombies
  11 crimson imps
  2 orc priests
  A quasit (D:9)
  A bullfrog skeleton (D:10)
  6 hounds
  A jelly (D:10)
  2 centaur skeletons
  5 orc wizards
  Terence (D:2)
  20 worker ants
  Ijyb (D:3)
  4 iguanas
  Natasha (thrice) (D:3)
  A killer bee zombie (D:8)
  A bullfrog simulacrum (D:13)
  A hound zombie (D:11)
  3 hound skeletons
  A worker ant zombie (D:10)
  2 mummies (D:11)
  10 gnolls
  A howler monkey skeleton (D:4)
  9 adders
  4 shadow imps
  2 oozes (D:6)
  An adder zombie (D:3)
  2 adder skeletons
  4 worms
  4 dart slugs
  7 leopard geckos
  38 orcs
  5 giant cockroaches
  3 goblins
  9 hobgoblins
  5 jackals
  14 kobolds
  9 quokkas
  5 bats
  3 frilled lizards
  A leopard gecko skeleton (D:4)
  A leopard gecko zombie (D:5)
  A quokka skeleton (D:6)
  4 rats
  A fungus (D:9)
  4 plants
558 creatures vanquished.

Vanquished Creatures (others)
  2 wolves (IceCv)
  4 fungi (Lair:2)
  4 plants (Lair:2)
10 creatures vanquished.

Grand Total: 568 creatures vanquished

Notes
Turn   | Place    | Note
-------+----------+-------------------------------------------
     0 | D:1      | Morbidden the Centaur Hunter began the quest for the Orb.
     0 | D:1      | Reached XP level 1. HP: 17/17 MP: 1/1
   298 | D:1      | Reached XP level 2. HP: 24/24 MP: 2/2
   858 | D:2      | Noticed Terence
   924 | D:2      | Killed Terence
   924 | D:2      | Reached XP level 3. HP: 15/29 MP: 3/3
  1520 | D:2      | Found a shattered altar of Ashenzari.
  1779 | D:3      | Reached XP level 4. HP: 36/36 MP: 4/4
  1781 | D:3      | Noticed Grinder
  1832 | D:3      | Found a shimmering altar of Xom.
  1840 | D:3      | Found a shimmering altar of Xom.
  1842 | D:3      | Found a shimmering altar of Xom.
  1854 | D:3      | Noticed Natasha
  1866 | D:3      | Killed Natasha
  1897 | D:3      | Found a stormy altar of Qazlal.
  1897 | D:3      | Found an ancient bone altar of Kikubaaqudgha.
  1899 | D:3      | Found a bloodstained altar of Trog.
  1915 | D:3      | Noticed Natasha
  1922 | D:3      | Killed Natasha
  1940 | D:3      | Noticed Natasha
  1960 | D:3      | Killed Natasha
  1960 | D:3      | Reached XP level 5. HP: 33/41 MP: 5/5
  2184 | D:3      | Noticed Ijyb
  2199 | D:3      | Killed Ijyb
  2290 | D:3      | Paralysed by Grinder for 6 turns
  2308 | D:3      | Killed Grinder
  2308 | D:3      | Reached XP level 6. HP: 26/50 MP: 6/6
  2843 | D:4      | Reached skill level 3 in Fighting
  2964 | D:4      | Reached skill level 10 in Bows
  3113 | D:4      | Noticed Blork the orc
  3119 | D:4      | Killed Blork the orc
  3119 | D:4      | Reached skill level 1 in Armour
  3119 | D:4      | Reached XP level 7. HP: 57/57 MP: 7/7
  3202 | D:4      | Found an opulent altar of Gozag.
  3266 | D:4      | Found a glowing silver altar of Zin.
  3566 | D:4      | Found Wuud's Weapon Emporium.
  3889 | D:4      | Found a staircase to the Ecumenical Temple.
  3895 | Temple   | Entered the Ecumenical Temple
  3961 | Temple   | Became a worshipper of Warmaster Okawaru
  4178 | D:5      | Entered Level 5 of the Dungeon
  4512 | D:5      | Reached skill level 1 in Invocations
  4558 | D:5      | Reached * piety under Okawaru
  4558 | D:5      | Reached XP level 8. HP: 51/64 MP: 7/9
  5171 | D:6      | Noticed Eustachio
  5744 | D:6      | Found a sacrificial altar of Ru.
  5744 | D:6      | Noticed an oklob plant
  5752 | D:6      | Reached skill level 4 in Fighting
  5839 | D:6      | Killed Eustachio
  5986 | D:6      | Noticed Dowan
  5987 | D:6      | Noticed Duvessa
  6011 | D:6      | Killed Duvessa
  6017 | D:6      | Killed Dowan
  6069 | D:6      | Found a sparkling altar of Nemelex Xobeh.
  6352 | D:6      | Reached ** piety under Okawaru
  6548 | D:7      | Reached XP level 9. HP: 49/73 MP: 11/11
  6776 | D:7      | Paralysed by a hornet for 2 turns
  6782 | D:7      | Reached skill level 5 in Fighting
  7073 | D:7      | Found a transporter.
  7153 | D:7      | Noticed Joseph
  7171 | D:7      | Killed Joseph
  7977 | D:7      | Found a transporter.
  8124 | D:7      | Got a wavering glass ring
  8252 | D:7      | Identified the ring "Hotzurou" {rF- rN+++ MR- Str+7 Dex+5}
                  | (You found it on level 7 of the Dungeon)
  8269 | D:7      | Reached *** piety under Okawaru
  8273 | D:7      | Got a translucent amber ring
  8290 | D:7      | Identified the ring of Trog's Esteem {+Blink rPois rC+ rN+
                  | Dex+4} (You found it on level 7 of the Dungeon)
  8584 | D:8      | Noticed a two-headed ogre
  8592 | D:8      | Killed a two-headed ogre
  8592 | D:8      | Received a gift from Okawaru
  8592 | D:8      | Reached skill level 6 in Fighting
  8592 | D:8      | Reached skill level 5 in Invocations
  8592 | D:8      | Reached XP level 10. HP: 83/83 MP: 12/14
  8778 | D:8      | Noticed Prince Ribbit
  8793 | D:8      | Killed Prince Ribbit
  8853 | D:8      | Noticed a two-headed ogre
  8861 | D:8      | Killed a two-headed ogre
  8861 | D:8      | Reached **** piety under Okawaru
  8861 | D:8      | Reached skill level 7 in Fighting
  8861 | D:8      | Reached skill level 5 in Armour
  9386 | D:9      | Received a gift from Okawaru
  9581 | D:9      | Found Jemifriq's Distillery.
  9642 | D:9      | Reached skill level 8 in Fighting
  9991 | D:9      | Reached ***** piety under Okawaru
 10048 | D:9      | Reached XP level 11. HP: 29/95 MP: 15/15
 10646 | D:9      | Received a gift from Okawaru
 10646 | D:9      | Reached skill level 9 in Fighting
 10678 | D:9      | Found a snail-covered altar of Cheibriados.
 11039 | D:9      | Found a staircase to the Lair.
 11201 | D:10     | Entered Level 10 of the Dungeon
 11399 | D:10     | Reached skill level 10 in Fighting
 11811 | D:10     | Found a huge runed gate.
 11811 | D:10     | Found a huge runed gate.
 11811 | D:10     | Found a huge runed gate.
 11811 | D:10     | Found a huge runed gate.
 12105 | D:10     | Received a gift from Okawaru
 12128 | D:10     | Reached skill level 11 in Fighting
 12274 | Lair:1   | Entered Level 1 of the Lair of Beasts
 12441 | Lair:1   | Noticed an eight-headed hydra
 12469 | Lair:1   | Found a frozen archway.
 12486 | Lair:1   | Killed an eight-headed hydra
 12486 | Lair:1   | Reached XP level 12. HP: 99/110 MP: 16/16
 12520 | IceCv    | Entered an ice cave
 13264 | IceCv    | Reached skill level 12 in Fighting
 13385 | IceCv    | Reached skill level 5 in Dodging
 14356 | IceCv    | Noticed a frost giant
 14356 | IceCv    | Noticed a death yak
 14382 | IceCv    | Killed a frost giant
 14382 | IceCv    | Received a gift from Okawaru
 14382 | IceCv    | Reached skill level 13 in Fighting
 14393 | IceCv    | Killed a death yak
 14412 | IceCv    | Got a fine great mace {god gift}
 14533 | IceCv    | Identified the +1 great mace "Qaabb" {crush, Str+8 Dex+5}
                  | (Okawaru gifted it to you in an ice cave)
 15202 | Lair:2   | Noticed Nergalle
 15223 | Lair:2   | Killed Nergalle
 15343 | Lair:2   | Noticed a catoblepas
 15785 | D:11     | Reached XP level 13. HP: 122/122 MP: 18/18
 15810 | D:11     | Found a staircase to the Orcish Mines.
 16229 | D:11     | Received a gift from Okawaru
 16507 | D:11     | Noticed Sonja
 16523 | D:11     | Killed Sonja
 16792 | D:12     | Noticed Urug
 16813 | D:12     | Killed Urug
 16833 | D:12     | Reached skill level 14 in Fighting
 16952 | D:12     | Received a gift from Okawaru
 17276 | D:12     | Found a runed gate.
 17277 | D:12     | Found an opulent altar of Gozag.
 17277 | D:12     | Noticed a sphinx
 17278 | D:12     | Found a runed gate.
 17278 | D:12     | Found a runed gate.
 17278 | D:12     | Noticed Divine's ghost (journeyman FoCK)
 17701 | D:13     | Noticed an ettin
 17726 | D:13     | Killed an ettin
 17744 | D:13     | Noticed a sphinx
 18163 | D:13     | Identified a scroll of acquirement
 18172 | D:13     | Noticed a frost giant
 18205 | D:13     | Killed a frost giant
 18252 | D:13     | Noticed a frost giant
 18504 | D:13     | Killed a sphinx
 18504 | D:13     | Received a gift from Okawaru
 18576 | D:13     | Got a fine centaur barding
 18582 | D:13     | Noticed a tengu reaver
 18608 | D:12     | Identified the +0 centaur barding "Itsig" {rPois rC+ Str+5
                  | Dex-4} (You acquired it on level 13 of the Dungeon)
 19299 | Lair:2   | Received a gift from Okawaru
 19639 | Lair:3   | Received a gift from Okawaru
 19648 | Lair:3   | Reached skill level 15 in Fighting
 19809 | Lair:3   | Reached XP level 14. HP: 135/135 MP: 20/20
 20209 | Lair:3   | Found a hole to the Spider Nest.
 21066 | Lair:4   | Found a sacrificial altar of Ru.
 21142 | Lair:4   | Found a staircase to the Swamp.
 22460 | Lair:4   | HP: 2/136 [meliai/war axe (8)]
 22461 | Lair:4   | Slain by a meliai

Skill      XL: |  1  2  3  4  5  6  7  8  9 10 11 12 13 14 |
---------------+-------------------------------------------+-----
Bows           | 6 7 8 9 10 11 12 14 | 14.0
Fighting       | 3 4 6 8 11 13 15 | 15.9
Armour         | 1 3 4 5 6 7 8 9 |  9.3
Invocations    | 1 3 5 6 8 |  8.5
Dodging        | 3 4 5 6 7 |  7.5
Stealth        | |  0.4

Action                   |  1- 3 |  4- 6 |  7- 9 | 10-12 | 13-15 || total
-------------------------+-------+-------+-------+-------+-------++-------
Melee: Halberd           |       |    34 |   218 |    18 |       ||   270
       Kick              |       |     7 |    37 |    18 |    14 ||    76
       Short sword       |       |     2 |       |       |       ||     2
       Great mace        |       |       |       |    21 |    26 ||    47
       Shortbow          |       |       |       |       |     5 ||     5
 Fire: Shortbow          |   109 |    77 |   326 |  1203 |  1015 ||  2730
Invok: Heroism           |       |       |     6 |     4 |     5 ||    15
       Finesse           |       |       |       |     2 |     4 ||     6
Evoke: Wand              |       |       |    10 |     8 |     2 ||    20
  Use: Scroll            |       |     4 |     5 |     8 |     4 ||    21
       Potion            |       |     3 |     5 |     5 |     5 ||    18
 Stab: Paralysed         |       |       |     2 |       |       ||     2
       Invisible         |       |       |       |     1 |       ||     1
  Eat: Chunk             |     1 |     1 |     9 |     6 |    10 ||    27
       Ration            |       |     1 |     1 |     4 |     1 ||     7
Armor: Leather armour    |     4 |       |       |       |       ||     4
       Scale mail        |    17 |    18 |       |       |       ||    35
       Chain mail        |       |     5 |   240 |       |       ||   245
       Plate armour      |       |       |    63 |   238 |   259 ||   560
       Skin              |       |       |       |     6 |     1 ||     7
Dodge: Dodged            |    12 |    17 |    79 |    67 |   106 ||   281
